 Dungeon Sprint DCSS version 0.32-a0-702-gc29ba85809 (webtiles) character file.

Game seed: 7200193983873781970

43542 Revguard the Fetichist (level 14, -5/125 HPs)
             Began as a Coglin Gladiator on Mar 14, 2024.
             Was the Champion of Wu Jian.
             Slain by a searing wretch (24 damage)
             ... in the Dungeon (Sprint V: "Ziggurat Sprint").
             The game lasted 00:15:49 (841 turns).

Revguard the Fetichist (Coglin Gladiator)            Turns: 841, Time: 00:15:49

Health: -5/125     AC: 27    Str: 15    XL:     14   Next: 24%
Magic:  0/14       EV: 25    Int:  8    God:    Wu Jian [******]
Gold:   0          SH:  0    Dex: 20    Spells: 13/13 levels left

rFire   . . .        x - +11 Screaming Sword {sonic wave}
rCold   . . .        N - +8 Vampire's Tooth {megavamp}
rNeg    . . .        z - +5 shadow dragon scales
rPois   +            (no helmet)
rElec   +            (no cloak)
rCorr   +            O - +2 pair of gloves {infuse}
SInv    .            (no boots)
Will    +....        (amulet unavailable)
Stlth   +++          (ring unavailable)
HPRegen 0.40/turn    (ring unavailable)
MPRegen 0.14/turn    a - dynamic generator {Rampage Acrobat rElec rPois rCorr}

%: no teleportation, acrobat, rampage
@: exhausted, in a heavenly storm, glowing, studying Axes, revved
A: off-hand wielding, slow wielding, warmup strikes, no jewellery
a: Renounce Religion, Wall Jump, Serpent's Lash, Heavenly Storm


You were in the Dungeon.
You worshipped Wu Jian.
Wu Jian was exalted by your worship.
You visited 1 branch

Inventory:

Hand Weapons
 x - the +11 Screaming Sword (weapon) {sonic wave}
   (You found it in the Dungeon)
 y - a +5 quick blade {Yolanda}
 A - a +4 vampiric long sword {Xiang}
 N - the +8 Vampire's Tooth (offhand) {megavamp}
   (You found it in the Dungeon)
Missiles
 d - 3 throwing nets (quivered)
 e - a javelin
Armour
 p - a +1 helmet of intelligence
 z - +5 shadow dragon scales (worn)
 I - a +0 pair of boots of flying
 O - a +2 pair of gloves of infusion (worn)
Gizmo
 a - a dynamic generator (installed) {Rampage Acrobat rElec rPois rCorr}
   (You invented it yourself in the Dungeon)

   [dynamic generator]

   rElec:     It insulates you from electricity.
   rPois:     It protects you from poison.
   rCorr:     It protects you from acid and corrosion.
   Rampage:   It bestows one free step when moving towards enemies.
   Acrobat:   It increases your evasion after moving or waiting.
Wands
 v - a wand of mindburst (25)
 w - a wand of acid (22)
 B - a wand of roots (15)
 D - a wand of flame (48)
 E - a wand of polymorph (4)
 F - a wand of digging (4)
 G - a wand of paralysis (14)
Scrolls
 l - 4 scrolls of blinking
 r - 4 scrolls of amnesia
 s - 7 scrolls of fog
 t - 5 scrolls of identify
 u - 2 scrolls of fear
 H - 7 scrolls of brand weapon
Potions
 g - 10 potions of curing
 h - 13 potions of heal wounds
 i - 6 potions of haste
 j - 7 potions of magic
 k - 3 potions of berserk rage
 m - 2 potions of brilliance
 n - 2 potions of invisibility
 o - 4 potions of resistance
 q - 5 potions of might
Miscellaneous
 J - a phial of floods
 K - a tin of tremorstones (2/2)
 L - a lightning rod (4/4)
 M - a box of beasts
 Q - a phantom mirror


   Skills:
 + Level 16.2 Fighting
 + Level 17.8 Long Blades
 - Level 1.7 Throwing
 + Level 14.8 Armour
 + Level 15.0 Dodging
 + Level 14.4 Stealth
 + Level 19.8 Evocations


You had 13 spell levels left.
You didn't know any spells.
Your spell library contained the following spells:

 Spells                   Type           Power      Damage    Failure   Level
 Foxfire                  Conj/Fire      0%         2x1d4     98%         1
 Freeze                   Ice            0%         1d3       98%         1
 Magic Dart               Conj           0%         1d3       98%         1
 Sandblast                Erth           0%         2d4       98%         1
 Slow                     Hex            0%         N/A       98%         1
 Sting                    Conj/Alch      0%         1d3       98%         1
 Summon Small Mammal      Summ           0%         N/A       98%         1
 Blink                    Tloc           0%         N/A       99%         2
 Call Imp                 Summ           0%         N/A       99%         2
 Jinxbite                 Hex            0%         N/A       99%         2
 Sublimation of Blood     Necr           0%         N/A       99%         2
 Call Canine Familiar     Summ           0%         N/A       100%        3
 Frozen Ramparts          Ice            0%         1d1       100%        3
 Gell's Gravitas          Tloc           0%         N/A       100%        3
 Hailstorm                Conj/Ice       0%         3d5       100%        3
 Inner Flame              Hex/Fire       0%         N/A       100%        3
 Ozocubu's Armour         Ice            0%         N/A       100%        3
 Passwall                 Erth           0%         N/A       100%        3
 Stone Arrow              Conj/Erth      0%         3d7       100%        3
 Teleport Other           Tloc           0%         N/A       100%        3
 Volatile Blastmotes      Fire/Tloc      0%         2d10      100%        3
 Animate Armour           Summ/Erth      0%         N/A       100%        4
 Animate Dead             Necr           0%         N/A       100%        4
 Brom's Barrelling Bould  Conj/Erth      0%         2d3       100%        4
 Dimensional Bullseye     Hex/Tloc       0%         N/A       100%        4
 Flame Wave               Conj/Fire      0%         2d4       100%        4
 Ignite Poison            Fire/Alch      0%         N/A       100%        4
 Petrify                  Alch/Erth      0%         N/A       100%        4
 Sticky Flame             Fire/Alch      0%         2d4       100%        4
 Summon Blazeheart Golem  Fire/Summ      0%         N/A       100%        4
 Summon Lightning Spire   Summ/Air       0%         N/A       100%        4
 Alistair's Intoxication  Alch           0%         N/A       100%        5
 Borgnjor's Vile Clutch   Necr/Erth      0%         N/A       100%        5
 Irradiate                Conj/Alch      0%         3d11      100%        5
 Metabolic Englaciation   Hex/Ice        0%         N/A       100%        5
 Silence                  Hex/Air        0%         N/A       100%        5
 Yara's Violent Unravell  Hex/Alch       0%         3d3       100%        5
 Bombard                  Conj/Erth      0%         9d1       100%        6
 Death Channel            Necr           0%         N/A       100%        6
 Dispersal                Tloc           0%         N/A       100%        6
 Plasma Beam              Fire/Air       0%         2x1d10    100%        6
 Starburst                Conj/Fire      0%         6d3       100%        6
 Summon Cactus Giant      Summ           0%         N/A       100%        6
 Enfeeble                 Hex            0%         N/A       100%        7
 Haunt                    Necr/Summ      0%         N/A       100%        7
 Spellforged Servitor     Conj/Summ      0%         N/A       100%        7
 Infestation              Necr           0%         N/A       100%        8
 Polar Vortex             Ice            0%         N/A       100%        9


Dungeon Overview and Level Annotations

Branches:
Dungeon (1/1)

Altars:
Ashenzari
Cheibriados
Dithmenos
Elyvilon
Fedhas
Gozag
Hepliaklqana
Kikubaaqudgha
Makhleb
Nemelex Xobeh
Okawaru
Qazlal
Ru
Sif Muna
Trog
Uskayaw
Vehumet
Wu Jian
Xom
Yredelemnul
Zin
The Shining One
Beogh
Jiyva
Lugonu

Annotations:
D 1 transporter


Innate Abilities, Weirdness & Mutations

You can wield a second weapon in your off-hand.
It takes a long time for you to wield or remove held weapons.
Your first few attacks do less damage.
You cannot equip rings or amulets.


Message History

The balrug is almost dead.
You barely miss the balrug with the +11 Screaming Sword.
The balrug gestures at you. The bolt of fire misses you.
The bolt of fire hits the balrug.
The balrug completely resists.
The balrug gestures at you. The pyre arrow misses you.
The pyre arrow hits the balrug.
The searing wretch closely misses you. x2; The hellephant blinks!
The Brimstone Fiend calls on the powers of darkness!
Your body is wracked with pain!
You see here a +2 demon whip of draining.
You spin and attack the balrug repeatedly.
You hit the balrug but do no damage.
You hit the balrug with the +8 Vampire's Tooth.
The balrug is almost dead.
You slice the balrug with the +11 Screaming Sword!!
You kill the balrug!
The Council accepts your kill.
You spin and attack the searing wretch.
You puncture the searing wretch with the +8 Vampire's Tooth!
You hit the searing wretch with the +8 Vampire's Tooth.
The searing wretch is heavily damaged.
You slash the searing wretch with the +11 Screaming Sword!
The balrug shakes off the sticky flame as it moves.
The searing wretch claws you!!
* * * LOW HITPOINT WARNING * * *
You are engulfed in flames!!
* * * LOW HITPOINT WARNING * * *
The searing wretch bites you but does no damage.
The balrug completely misses you. The balrug closely misses you.
Your Dodging skill increases to level 15!
You feel much better. The balrug gestures at you. Something smites you!
* * * LOW HITPOINT WARNING * * *
The searing wretch misses you. The searing wretch closely misses you.
The searing wretch claws you!
* * * LOW HITPOINT WARNING * * *
You are engulfed in flames!!
You die...

....☼☼○°.....▓.....ߧß○§○
▓▓▓▓▓▓▓▓▓▓▓▓▓▓▓▓..)|☼"☼○☼|☼
......ß©ß......▓....§☼..§§☼
../|=?[))?)))..▓......☼°§○○
..)/"|n/):[//..▓......°○.○.
....2./1n§§§...▓....†......
...nYn§2n2n§☼..▓...........
.....☼☼☼n2n2§..▓...........
.....☼○○○n@○§..▓..▓.......▓
.....§○☼☼○§§☼..▓.▓▓▓.....▓▓
.....☼☼☼○°☼§§..▓. .......▓
.....§§§§☼.....▓ ........
...▓.☼§☼☼§.▓...▓ ...©.... .
▓▓.....▓▓▓..▓▓▓▓▓▓▓▓▓▓▓▓
...▓.......▓...▓.....ߧß○..
...............▓.)[)§§☼☼°○○
.......©.......▓....§☼§§°○☼


You could see 5 searing wretches and 3 balrugs.

Vanquished Creatures
  A lich (D)
  2 searing wretches (D)
  2 acid blobs (D)
  A rockslime (D)
  An azure jelly (D)
  3 balrugs (D)
  3 orc warlords (D)
  A ghoul (D)
  A vampire knight (D)
  A stone giant (D)
  An ettin (D)
  A merfolk javelineer (D)
  A merfolk impaler (D)
  2 great orbs of eyes (D)
  A hydra (D)
  A boulder beetle (D)
  2 merfolk aquamancers (D)
  An orc high priest (D)
  2 soul eaters (D)
  2 skeletal warriors (D)
  A sea snake (D)
  A glowing orange brain (D)
  A large abomination (D)
  2 starcursed masses (D)
  2 shining eyes (D)
  2 orc sorcerers (D)
  2 cyclopes (D)
  A manticore (D)
  A merfolk siren (D)
  A worldbinder (D)
  2 kobold blastminers (D)
  3 elephants (D)
  An eye of devastation (D)
  3 cane toads (D)
  A rime drake (D)
  A smoke demon (D)
  2 tormentors (D)
  A polar bear (D)
  2 trolls (D)
  A merfolk (D)
  A wind drake (D)
  2 glass eyes (D)
  2 blink frogs (D)
  17 slime creatures (D)
  A snapping turtle (D)
  A shadow (D)
  2 spriggans (D)
  4 small abominations (D)
  3 yaks (D)
  3 wyverns (D)
  2 ynoxinuls (D)
  5 golden eyes (D)
  A chaos spawn (D)
  A warg (D)
  A neqoxec (D)
  4 water moccasins (D)
  2 black bears (D)
  4 hell hounds (D)
  5 orc warriors (D)
  2 wolves (D)
  2 ogres (D)
  3 bullfrogs (D)
  4 quasits (D)
  9 jellies (D)
  3 orc priests (D)
  5 iron imps (D)
  6 orc wizards (D)
  A shadow imp (D)
  A white imp (D)
  2 ufetubi (D)
  2 spectral adders (D)
  5 adder zombies (D)
  2 adder skeletons (D)
  3 orcs (D)
  A spectral bat (D)
  4 bat skeletons (D)
  6 endoplasms (D)
  A ball python skeleton (D)
  3 ball python zombies (D)
  2 giant cockroach zombies (D)
  3 quokka skeletons (D)
  A quokka zombie (D)
  A spectral giant cockroach (D)
  A spectral jackal (D)
  A spectral quokka (D)
196 creatures vanquished.

Notes
Turn   | Place    | Note
-------+----------+-------------------------------------------
     0 | D        | Revguard the Coglin Gladiator began the quest for the Orb.
     0 | D        | Reached XP level 1. HP: 16/16 MP: 1/1
     0 | D        | Found a blossoming altar of Fedhas.
     0 | D        | Found the +6 Majin-Bo {spellvamp, MP+6 Int+6}
     0 | D        | Found the +27 heavy crossbow "Sniper" {heavy, Acc+∞ SInv}
     0 | D        | Found the +10 dark maul {heavy}
     0 | D        | Found the +15 Maxwell's patent armour {-Cast -Tele rElec
                  | Will+ rCorr}
     0 | D        | Found the +18 shield of the Gong {Loud rN+ Will+ rCorr
                  | EV-5}
     0 | D        | Found the +16 obsidian axe {drain, demonic, Mesm ^Drain Fly
                  | SInv}
     0 | D        | Found the +7 great mace "Firestarter" {flame, immolate,
                  | rFlCloud rF++}
     0 | D        | Found the +6 shillelagh "Devastator" {shatter}
     0 | D        | Found the +11 plutonium sword {^Contam Stlth-}
     0 | D        | Found the +8 lance "Wyrmbane" {slay drac, rPois rF+ rC+
                  | AC+3}
     0 | D        | Found the +9 sword of Zonguldrok {reap}
     0 | D        | Found the +13 scythe of Curses {drain, curses, ^Drain}
     0 | D        | Found the +9 sword of Power {lifebolt}
     0 | D        | Found the +7 mace of Variability {chaos, chaos arc}
     0 | D        | Found the +11 Singing Sword {sonic wave}
     0 | D        | Found the +8 storm bow {elec, penet}
     1 | D        | Found a shimmering blue altar of Sif Muna.
     1 | D        | Found a sacrificial altar of Ru.
     1 | D        | Found a bloodstained altar of Trog.
     1 | D        | Found a stormy altar of Qazlal.
     1 | D        | Found an iron altar of Okawaru.
     1 | D        | Found a sparkling altar of Nemelex Xobeh.
     3 | D        | Found a transporter.
     3 | D        | Found an ancient bone altar of Kikubaaqudgha.
     3 | D        | Found a viscous altar of Jiyva.
     3 | D        | Found a corrupted altar of Lugonu.
     3 | D        | Found a hazy altar of Hepliaklqana.
     3 | D        | Found a burning altar of Makhleb.
     3 | D        | Found an opulent altar of Gozag.
    56 | D        | Became a worshipper of the Wu Jian Council
    75 | D        | Reached skill level 3 in Evocations
    75 | D        | Reached XP level 2. HP: 24/24 MP: 2/2
    82 | D        | Entered arena 2.
    82 | D        | Found a transporter.
    85 | D        | Reached skill level 5 in Long Blades
    85 | D        | Reached XP level 3. HP: 30/30 MP: 3/3
    87 | D        | Reached skill level 4 in Evocations
   111 | D        | Entered arena 3.
   111 | D        | Noticed a cyclops
   111 | D        | Noticed an ogre
   111 | D        | Noticed a troll
   111 | D        | Found a transporter.
   114 | D        | Killed an ogre
   114 | D        | Reached * piety under Wu Jian
   114 | D        | Killed a troll
   115 | D        | Reached skill level 5 in Fighting
   115 | D        | Reached skill level 5 in Dodging
   115 | D        | Reached skill level 6 in Evocations
   115 | D        | Reached XP level 4. HP: 33/40 MP: 4/4
   115 | D        | Reached XP level 5. HP: 38/46 MP: 5/5
   115 | D        | Reached XP level 6. HP: 42/52 MP: 6/6
   115 | D        | Killed a cyclops
   116 | D        | Reached skill level 5 in Armour
   116 | D        | Reached skill level 5 in Stealth
   116 | D        | Reached skill level 8 in Evocations
   116 | D        | Reached XP level 7. HP: 49/59 MP: 7/7
   119 | D        | Got the Compilation of Production and Orientation
   124 | D        | Entered arena 4.
   124 | D        | Noticed a glass eye
   124 | D        | Noticed a slime creature
   124 | D        | Found a transporter.
   127 | D        | Reached ** piety under Wu Jian
   128 | D        | Killed a glass eye
   129 | D        | Reached XP level 8. HP: 60/67 MP: 8/8
   130 | D        | Killed a slime creature
   131 | D        | Reached skill level 10 in Long Blades
   162 | D        | Entered arena 5.
   162 | D        | Noticed a slime creature
   162 | D        | Noticed a slime creature
   162 | D        | Noticed a glass eye
   162 | D        | Found a transporter.
   165 | D        | Killed a glass eye
   165 | D        | Reached *** piety under Wu Jian
   166 | D        | Reached skill level 9 in Evocations
   169 | D        | Killed a slime creature
   169 | D        | Killed a slime creature
   174 | D        | Entered arena 6.
   174 | D        | Noticed a spriggan
   174 | D        | Noticed a spriggan
   174 | D        | Found a transporter.
   182 | D        | Killed a spriggan
   182 | D        | Reached **** piety under Wu Jian
   183 | D        | Reached XP level 9. HP: 39/74 MP: 9/9
   184 | D        | Reached skill level 10 in Evocations
   295 | D        | Entered arena 7.
   296 | D        | Found a transporter.
   298 | D        | Reached ***** piety under Wu Jian
   323 | D        | Entered arena 8.
   324 | D        | Found a transporter.
   327 | D        | Reached ****** piety under Wu Jian
   339 | D        | Entered arena 9.
   340 | D        | Found a transporter.
   355 | D        | Entered arena 10.
   356 | D        | Found a transporter.
   360 | D        | Reached skill level 11 in Evocations
   444 | D        | Entered arena 11.
   444 | D        | Noticed a shining eye
   445 | D        | Found a transporter.
   448 | D        | Killed a shining eye
   449 | D        | Reached XP level 10. HP: 83/83 MP: 10/10
   471 | D        | Entered arena 12.
   471 | D        | Noticed a skeletal warrior
   471 | D        | Noticed a vampire knight
   472 | D        | Noticed a lich
   472 | D        | Noticed a skeletal warrior
   475 | D        | Found a transporter.
   478 | D        | Killed a skeletal warrior
   478 | D        | Reached skill level 10 in Fighting
   478 | D        | Reached skill level 12 in Evocations
   478 | D        | Killed a skeletal warrior
   479 | D        | Killed a vampire knight
   480 | D        | Killed a lich
   481 | D        | Reached skill level 10 in Dodging
   481 | D        | Reached skill level 13 in Evocations
   481 | D        | Reached XP level 11. HP: 74/93 MP: 11/11
   493 | D        | Entered arena 13.
   493 | D        | Found the +4 consecrated labrys {holy, Valiant ^Fragile Fly
                  | SInv}
   493 | D        | Noticed a merfolk aquamancer
   493 | D        | Noticed a cyclops
   493 | D        | Noticed a merfolk aquamancer
   494 | D        | Noticed a merfolk impaler
   494 | D        | Noticed a manticore
   494 | D        | Noticed a merfolk javelineer
   494 | D        | Noticed a sea snake
   495 | D        | Found a transporter.
   498 | D        | Reached skill level 10 in Armour
   498 | D        | Killed a merfolk aquamancer
   498 | D        | Killed a merfolk aquamancer
   498 | D        | Killed a merfolk javelineer
   499 | D        | Reached skill level 10 in Stealth
   499 | D        | Reached skill level 14 in Evocations
   499 | D        | Killed a manticore
   499 | D        | Killed a sea snake
   499 | D        | Killed a cyclops
   501 | D        | Killed a merfolk impaler
   521 | D        | Entered arena 14.
   522 | D        | Noticed a boulder beetle
   524 | D        | Found a transporter.
   528 | D        | Reached skill level 15 in Evocations
   528 | D        | Killed a boulder beetle
   529 | D        | Reached XP level 12. HP: 103/103 MP: 12/12
   543 | D        | Entered arena 15.
   544 | D        | Noticed a great orb of eyes
   544 | D        | Noticed an acid blob
   545 | D        | Noticed an acid blob
   546 | D        | Found a transporter.
   548 | D        | Killed a great orb of eyes
   548 | D        | Killed an acid blob
   548 | D        | Reached skill level 15 in Long Blades
   550 | D        | Reached skill level 16 in Evocations
   551 | D        | Killed an acid blob
   554 | D        | Got the Incunable of Cryomancy and the Valley
   566 | D        | Entered arena 16.
   567 | D        | Noticed a four-headed hydra
   569 | D        | Found a transporter.
   572 | D        | Killed a seven-headed hydra
   596 | D        | Entered arena 17.
   599 | D        | Noticed an orc warlord
   599 | D        | Noticed an orc warlord
   599 | D        | Noticed an orc warlord
   599 | D        | Noticed a stone giant
   599 | D        | Found the +8 Vampire's Tooth {megavamp}
   600 | D        | Noticed an orc high priest
   600 | D        | Noticed an ettin
   601 | D        | Found a transporter.
   603 | D        | Reached skill level 17 in Evocations
   603 | D        | Reached XP level 13. HP: 112/112 MP: 13/13
   604 | D        | Killed an orc warlord
   604 | D        | Killed an ettin
   605 | D        | Killed an orc warlord
   606 | D        | Killed a stone giant
   610 | D        | Killed an orc warlord
   617 | D        | Got the Grimoire of Terrain and Pollution
   622 | D        | Got the Discourse on the Gang
   632 | D        | Entered arena 18.
   635 | D        | Noticed a ghoul
   636 | D        | Found the +8 pair of quick blades "Gyre" and "Gimble"
                  | {protect}
   637 | D        | Found a transporter.
   640 | D        | Killed a ghoul
   641 | D        | Reached skill level 18 in Evocations
   647 | D        | Got the Dissertation on Illusory Hurting
   659 | D        | Entered arena 19.
   662 | D        | Noticed a rockslime
   662 | D        | Noticed a great orb of eyes
   662 | D        | Found the +3 crown of Dyrovepreva {rElec Int+2 SInv}
   663 | D        | Noticed an azure jelly
   664 | D        | Found a transporter.
   665 | D        | Killed a rockslime
   666 | D        | Reached skill level 15 in Fighting
   669 | D        | Killed a great orb of eyes
   669 | D        | Killed an azure jelly
   699 | D        | Entered arena 20.
   704 | D        | Found the +3 greatsling "Punk" {acid, rCorr}
   705 | D        | Noticed a starcursed mass
   706 | D        | Found a transporter.
   714 | D        | Reached skill level 19 in Evocations
   716 | D        | Reached XP level 14. HP: 97/124 MP: 14/14
   723 | D        | Got Sif Muna's Reference Book on Enchanted Solvents
   727 | D        | Got Roxanne's Notes on Dense Degeneration
   825 | D        | Acquired a dynamic generator {Rampage Acrobat rElec rPois
                  | rCorr}
   830 | D        | Entered arena 21.
   834 | D        | Noticed a searing wretch
   834 | D        | Noticed a balrug
   834 | D        | Noticed a searing wretch
   835 | D        | Noticed a searing wretch
   835 | D        | Noticed a searing wretch
   835 | D        | Noticed a searing wretch
   835 | D        | Noticed a searing wretch
   835 | D        | Noticed a balrug
   835 | D        | Noticed a hellephant
   835 | D        | Noticed a searing wretch
   835 | D        | Noticed a balrug
   835 | D        | Noticed a balrug
   835 | D        | Noticed a balrug
   835 | D        | Noticed a searing wretch
   835 | D        | Noticed a hellephant
   835 | D        | Noticed a searing wretch
   835 | D        | Noticed a searing wretch
   835 | D        | Noticed a balrug
   835 | D        | Noticed a Brimstone Fiend
   835 | D        | Noticed a searing wretch
   835 | D        | Noticed a balrug
   835 | D        | Noticed a balrug
   835 | D        | Noticed a searing wretch
   837 | D        | Found a transporter.
   838 | D        | Killed a balrug
   838 | D        | Killed a balrug
   838 | D        | Killed a searing wretch
   838 | D        | Killed a searing wretch
   840 | D        | Killed a balrug
   841 | D        | Reached skill level 15 in Dodging
   841 | D        | Slain by a searing wretch

Illustrated notes

Levels and vault maps discovered:
D:        sprint_v [room_start, room_1, room_2, room_3, room_4, room_5, room_6,
          room_7, room_8, room_9, room_10, room_11, room_12, room_13, room_14,
          room_15, room_16, room_17, room_18, room_19, room_20, room_21,
          room_22, room_23, room_24, room_25, room_26, room_27]

Skill      XL: |  1  2  3  4  5  6  7  8  9 10 11 12 13 14 |
---------------+-------------------------------------------+-----
Fighting       | 3 5 6 7 8 9 11 12 13 15 16 | 16.2
Long Blades    | 4 5 8 9 11 12 13 14 15 17 | 17.8
Armour         | 2 4 5 6 7 8 9 11 12 14 | 14.8
Dodging        | 3 5 6 7 8 10 11 12 14 15 | 15.0
Stealth        | 2 4 5 6 8 9 11 12 13 14 | 14.4
Evocations     | 3 6 8 9 11 13 15 17 19 | 19.8
Throwing       | |  1.7

Action                     |  1- 3 |  4- 6 |  7- 9 | 10-12 | 13-15 || total
---------------------------+-------+-------+-------+-------+-------++-------
  Melee: Quick blade       |     6 |       |    54 |       |    23 ||    83
         Double sword      |     4 |     1 |    52 |    72 |    73 ||   202
         Long sword        |       |       |    15 |    72 |    53 ||   140
 Invoke: Serpent's Lash    |       |       |       |     5 |     3 ||     8
         Heavenly Storm    |       |       |       |     1 |     1 ||     2
Ability: Lunge             |     1 |     1 |     8 |    13 |    14 ||    37
         Whirlwind         |       |       |    41 |    56 |    56 ||   153
         Wall Jump         |       |       |     2 |       |       ||     2
         Invent Gizmo      |       |       |       |       |     1 ||     1
  Evoke: Wand              |     1 |       |       |       |       ||     1
    Use: Potion            |     1 |       |       |       |     1 ||     2
   Stab: Sleeping          |       |       |     3 |       |       ||     3
 Armour: Shadow dragon sca |     3 |       |    49 |    28 |    14 ||    94
  Dodge: Dodged            |     1 |       |    22 |    36 |    33 ||    92

Table legend: (Time is in decaauts)
 A = Elapsed time spent in this place.
 B = Non-inter-level travel time spent in this place.
 C = Inter-level travel time spent in this place.
 D = Time resting spent in this place.
 E = Time spent auto-exploring this place.
 F = Levels seen in this place.
 G = Mean time per level.
                   A        B        C        D        E       F      G
               +--------+--------+--------+--------+--------+-----+--------+
         Total |    858 |    858 |      0 |    246 |      0 |   1 |  858.0 |
       Dungeon |    858 |    858 |      0 |    246 |      0 |   1 |  858.0 |
               +--------+--------+--------+--------+--------+-----+--------+

Top non-repeatable levels by time:
       D: 858 daAuts
